[Event "ICC tourney 2098 (40 10)"]
[Site "Internet Chess Club"]
[Date "2020.11.01"]
[Round "2"]
[White "jsl1996"]
[Black "JonnyTurgi"]
[Result "1-0"]
[ICCResult "Black resigns"]
[WhiteElo "2666"]
[BlackElo "2086"]
[Opening "QGD Slav defense: exchange variation"]
[ECO "D10"]
[NIC "SL.01"]
[Time "13:16:22"]
[TimeControl "2400+10"]

1. d4 d5 2. c4 c6 3. cxd5 cxd5 4. Bf4 Nc6 5. e3 Nf6 6. Nc3 Bf5 7. Qb3 Na5 8.
Qa4+ Bd7 9. Qc2 e6 10. Nf3 Rc8 11. Bd3 a6 12. O-O Bb5 13. Bxb5+ axb5 14. Qe2
b4 15. Qb5+ Nc6 16. Na4 Bd6 17. Bxd6 Qxd6 18. Qxb7 O-O 19. Rfc1 Rc7 20. Qa6
Ne4 21. Rc2 Rfc8 22. Rac1 Nxd4 23. Qxc8+ {Black resigns} 1-0

[Event "ICC tourney 2098 (40 10)"]
[Site "Internet Chess Club"]
[Date "2020.11.01"]
[Round "2"]
[White "manest"]
[Black "AlexW2007"]
[Result "1-0"]
[ICCResult "Black resigns"]
[WhiteElo "2719"]
[BlackElo "2135"]
[Opening "Réti: Nimzovich-Larsen attack"]
[ECO "A01"]
[NIC "VO.08"]
[Time "13:16:24"]
[TimeControl "2400+10"]

1. b3 d5 2. Nf3 Nf6 3. Bb2 c5 4. e3 Bf5 5. Bb5+ Nc6 6. Bxc6+ bxc6 7. O-O h6
8. Nc3 e6 9. d3 Be7 10. Ne5 Qc7 11. f4 d4 12. Na4 Rd8 13. e4 Bh7 14. Ba3 Bd6
15. Bxc5 Bxe5 16. fxe5 Qxe5 17. Qe1 Nd7 18. Qf2 Nf6 19. b4 Bg6 20. Nb2 Qc7
21. Nc4 e5 22. Qg3 Nh5 23. Qxe5+ Qxe5 24. Nxe5 Nf6 25. Nxc6 Rc8 26. Nxa7
{Black resigns}
1-0

[Event "ICC tourney 2098 (40 10)"]
[Site "Internet Chess Club"]
[Date "2020.11.01"]
[Round "2"]
[White "speedskater"]
[Black "HR2005"]
[Result "1-0"]
[ICCResult "Black resigns"]
[WhiteElo "2616"]
[BlackElo "2018"]
[Opening "King's Indian: orthodox, Aronin-Taimanov variation (Yugoslav attack / Mar del Plata variation)"]
[ECO "E97"]
[NIC "KI.08"]
[Time "13:16:26"]
[TimeControl "2400+10"]

1. d4 Nf6 2. c4 g6 3. Nc3 Bg7 4. e4 d6 5. Nf3 O-O 6. Be2 e5 7. O-O Nc6 8.
Be3 Ng4 9. Bg5 f6 10. Bh4 Qe8 11. h3 Nh6 12. dxe5 fxe5 13. Nd5 Qf7 14. c5
Kh8 15. cxd6 cxd6 16. Rc1 Ng8 17. Ng5 Qe8 18. Nc7 Qe7 19. Nxa8 h6 20. Nh7
Qxh4 21. Nxf8 Bxf8 22. Nc7 Nf6 23. Nd5 Nxe4 24. Bg4 Bxg4 25. Qxg4 Qxg4 26.
hxg4 Kg7 27. f4 Ng3 28. Rfe1 exf4 29. Nxf4 Be7 30. Kh2 Bh4 31. Kh3 g5 32.
Nd5 Kf7 33. Re3 h5 34. Rxg3 Bxg3 35. Kxg3 h4+ 36. Kf3 {Black resigns} 1-0

[Event "ICC tourney 2098 (40 10)"]
[Site "Internet Chess Club"]
[Date "2020.11.01"]
[Round "2"]
[White "Dipankar007"]
[Black "ruitang"]
[Result "1-0"]
[ICCResult "Black resigns"]
[WhiteElo "1909"]
[BlackElo "1647"]
[Opening "Giuoco Piano"]
[ECO "C54"]
[NIC "IG.02"]
[Time "13:16:31"]
[TimeControl "2400+10"]

1. e4 e5 2. Nf3 Nc6 3. Bc4 Bc5 4. c3 Nf6 5. d3 d6 6. Bb3 h6 7. O-O a6 8. Be3
Bxe3 9. fxe3 O-O 10. Nbd2 Re8 11. Qe2 d5 12. exd5 Nxd5 13. Ne4 Be6 14. Nc5
Bc8 15. Nh4 Nf6 16. Nf5 Bxf5 17. Rxf5 Na5 18. Ne4 Nxb3 19. Nxf6+ gxf6 20.
axb3 Kh7 21. Qh5 Qe7 22. Raf1 {Black resigns} 1-0

[Event "ICC tourney 2098 (40 10)"]
[Site "Internet Chess Club"]
[Date "2020.11.01"]
[Round "2"]
[White "kingannihilator"]
[Black "e4f5"]
[Result "0-1"]
[ICCResult "White resigns"]
[WhiteElo "1753"]
[BlackElo "2228"]
[Opening "King's Indian: orthodox, Aronin-Taimanov, bayonet attack"]
[ECO "E97"]
[NIC "KI.05"]
[Time "13:16:49"]
[TimeControl "2400+10"]

1. d4 Nf6 2. c4 g6 3. Nc3 Bg7 4. e4 d6 5. Nf3 O-O 6. Be2 e5 7. O-O Nc6 8. d5
Ne7 9. b4 a5 10. Ba3 axb4 11. Bxb4 b6 12. a4 Re8 13. a5 c5 14. dxc6 Nxc6 15.
Bxd6 Rxa5 16. Rxa5 Nxa5 17. Bxe5 Qxd1 18. Rxd1 Nxe4 19. Nxe4 Bxe5 20. Nxe5
Rxe5 21. f3 Bf5 22. Bd3 Bxe4 23. fxe4 Kf8 24. Rb1 Re6 25. Kf2 Ke7 26. Ke3
Nb7 27. g3 Nc5 28. Rf1 f5 29. Rf4 fxe4 30. Bxe4 g5 31. Rg4 h5 32. Rxg5 Nxe4
33. Rg7+ Kf6 34. Rg8 Nxg3+ 35. Kf3 Nf5 36. Rh8 Kg5 37. Rg8+ Rg6 38. Rh8 Nd6
{White resigns}
0-1

[Event "ICC tourney 2098 (40 10)"]
[Site "Internet Chess Club"]
[Date "2020.11.01"]
[Round "2"]
[White "Leolix"]
[Black "fascimate"]
[Result "0-1"]
[ICCResult "White checkmated"]
[WhiteElo "1920"]
[BlackElo "1696"]
[Opening "Queen's pawn, Mason variation, Steinitz counter-gambit"]
[ECO "D00"]
[NIC "QP.08"]
[Time "13:16:24"]
[TimeControl "2400+10"]

1. d4 d5 2. Bf4 c5 3. c3 Nc6 4. e3 Nf6 5. Nd2 Bf5 6. Ngf3 h6 7. dxc5 e6 8.
b4 g5 9. Bg3 Nh5 10. Nd4 Nxg3 11. hxg3 Bg6 12. Bb5 Qc7 13. N2b3 Bg7 14. Na5
O-O 15. Bxc6 bxc6 16. Rc1 Bxd4 17. cxd4 Kg7 18. Qa4 Rac8 19. O-O h5 20. b5
cxb5 21. Qxb5 Rb8 22. Qa6 h4 23. gxh4 Rh8 24. Nc6 Ra8 25. Ne5 Rxh4 26. Qc6
Rah8 27. f3 Qa5 28. Nxg6 Rh1+ 29. Kf2 Qd2+ 30. Kg3 R8h3+ 31. gxh3 Qh2+ 32.
Kg4 Qxh3+ 33. Kxg5 Qf5# {White checkmated} 0-1

[Event "ICC tourney 2098 (40 10)"]
[Site "Internet Chess Club"]
[Date "2020.11.01"]
[Round "2"]
[White "Zuiopal"]
[Black "MARMAYOGI11"]
[Result "0-1"]
[ICCResult "White checkmated"]
[WhiteElo "1663"]
[BlackElo "2192"]
[Opening "Nimzo-Indian: classical, 4...c5"]
[ECO "E38"]
[NIC "NI.22"]
[Time "13:16:30"]
[TimeControl "2400+10"]

1. d4 Nf6 2. c4 e6 3. Nc3 Bb4 4. Qc2 c5 5. e3 Nc6 6. Nf3 O-O 7. Bd3 d5 8.
cxd5 exd5 9. a3 cxd4 10. exd4 Re8+ 11. Be3 Qa5 12. O-O Bxc3 13. bxc3 Bg4 14.
Nd2 Rac8 15. h3 Bh5 16. Rfc1 Bg6 17. Bxg6 hxg6 18. Qd3 Qa4 19. Nf3 Ne4 20.
c4 Qa6 21. Qc2 Na5 22. c5 Nc4 23. Qb3 b6 24. cxb6 axb6 25. a4 Ng3 26. Kh2
Nf5 27. Re1 Nfxe3 28. fxe3 Qb7 29. Rad1 Qc7+ 30. Kg1 Qg3 31. Re2 Re6 32.
Rde1 Rce8 33. Kh1 g5 34. Qd3 g4 35. hxg4 Qxg4 36. Kg1 Qg3 37. Qb3 Re4 38.
Qd3 R8e6 39. Qc3 f6 40. a5 bxa5 41. Qb3 Kh7 42. Qc2 Kh6 43. Qb3 g5 44. Qd3
g4 45. Nd2 Rxe3 46. Rxe3 Rxe3 47. Rxe3 Qxe3+ 48. Qxe3+ Nxe3 49. Nb3 a4 50.
Nc5 a3 51. Nb3 a2 52. Kf2 Nc2 53. Kg3 Kg5 54. Kf2 f5 55. Ke2 f4 56. Kd2 a1=Q
57. Nxa1 Nxa1 58. Kd3 Nb3 59. Kc3 Na5 60. Kd3 Nc4 61. Ke2 Kf5 62. Kd3 g3 63.
Ke2 Ke4 64. Ke1 Kxd4 65. Kf1 Ke3 66. Ke1 d4 67. Kf1 d3 68. Ke1 Nb2 69. Kf1
d2 70. Kg1 d1=Q# {White checkmated} 0-1

[Event "ICC tourney 2098 (40 10)"]
[Site "Internet Chess Club"]
[Date "2020.11.01"]
[Round "2"]
[White "Chesssaga"]
[Black "Aleksandrov73"]
[Result "0-1"]
[ICCResult "White resigns"]
[WhiteElo "2011"]
[BlackElo "2643"]
[Opening "Scotch: Mieses variation"]
[ECO "C45"]
[NIC "SO.04"]
[Time "13:16:29"]
[TimeControl "2400+10"]

1. e4 e5 2. Nf3 Nc6 3. d4 exd4 4. Nxd4 Nf6 5. Nxc6 bxc6 6. e5 Qe7 7. Qe2 Nd5
8. c4 Nb6 9. Nc3 Qe6 10. Qe4 g6 11. Bd3 Ba6 12. b3 Bg7 13. f4 O-O 14. Bd2 d5
15. cxd5 cxd5 16. Qe2 Bxd3 17. Qxd3 f6 18. Nb5 Qe7 19. Rc1 c5 20. O-O fxe5
21. fxe5 a6 22. Nc3 Qxe5 23. Rce1 Qd4+ 24. Qxd4 Bxd4+ 25. Kh1 Rxf1+ 26. Rxf1
Rf8 27. Rxf8+ Kxf8 28. g3 Ke7 29. Kg2 Ke6 30. Kf3 Nd7 31. Na4 Ne5+ 32. Ke2
Kd6 33. Nc3 Bxc3 34. Bxc3 d4 35. Ba5 Kd5 36. Bb6 c4 37. bxc4+ Nxc4 38. Bd8
Ke4 39. Bg5 h5 40. Bf4 h4 41. Bg5 h3 42. Bh6 Ne5 43. Kf2 Ng4+ 44. Kg1 Nxh6
{White resigns}
0-1

[Event "ICC tourney 2098 (40 10)"]
[Site "Internet Chess Club"]
[Date "2020.11.01"]
[Round "2"]
[White "imranchamp"]
[Black "che2468"]
[Result "1-0"]
[ICCResult "Black checkmated"]
[WhiteElo "1821"]
[BlackElo "1450"]
[Opening "Sicilian: closed"]
[ECO "B23"]
[NIC "SI.44"]
[Time "13:16:33"]
[TimeControl "2400+10"]

1. e4 c5 2. Nc3 d6 3. f4 Nc6 4. Nf3 Nf6 5. Bc4 a6 6. a4 Qc7 7. O-O Bd7 8. d3
e6 9. Qe1 Be7 10. h3 Nb4 11. Bb3 O-O 12. Nd2 Qb6 13. Nc4 Qc7 14. Nxd6 Qxd6
15. e5 Qb6 16. exf6 Bxf6 17. a5 Qa7 18. Be3 Bxc3 19. Qxc3 Nd5 20. Bxd5 exd5
21. Bxc5 Qb8 22. Bxf8 Qxf8 23. Qd4 Bc6 24. f5 Qd6 25. f6 g6 26. Rae1 Qg3 27.
Re3 Qc7 28. Qh4 Qd8 29. Qh6 Qf8 30. Qxf8+ Kxf8 31. Rf4 Rd8 32. Rh4 Kg8 33.
d4 Rd6 34. Rf4 h5 35. g4 hxg4 36. hxg4 Bd7 37. g5 Be6 38. Rh4 Rd8 39. Re2
Rc8 40. Reh2 Rxc2 41. Rh8# {Black checkmated} 1-0

[Event "ICC tourney 2098 (40 10)"]
[Site "Internet Chess Club"]
[Date "2020.11.01"]
[Round "2"]
[White "michaelxiao"]
[Black "john-hartmann"]
[Result "0-1"]
[ICCResult "White resigns"]
[WhiteElo "1329"]
[BlackElo "1754"]
[Opening "English opening"]
[ECO "A13"]
[NIC "EO.64"]
[Time "13:16:30"]
[TimeControl "2400+10"]

1. c4 e6 2. g3 Nf6 3. Bg2 d5 4. cxd5 exd5 5. d4 c5 6. Nf3 Nc6 7. e3 Be7 8.
O-O O-O 9. Nc3 Bg4 10. h3 Bh5 11. a3 Rc8 12. dxc5 Bxc5 13. b4 Be7 14. Bb2
Re8 15. Rc1 Qd7 16. Qd2 Bxf3 17. Bxf3 Qxh3 18. Bg2 Qh5 19. Nxd5 Ng4 20.
Nxe7+ Rxe7 21. Rfd1 Qh2+ 22. Kf1 Rce8 23. Qc3 Qh6 24. b5 Nce5 25. Qc8 Nh2+
26. Ke2 Qh5+ 27. Ke1 Nef3+ 28. Bxf3 Nxf3+ 29. Kf1 Qh1+ 30. Ke2 Qh5 31. Kf1
Qxb5+ 32. Qc4 Qxb2 33. Qg4 Nh2+ 34. Kg2 Nxg4 {White resigns} 0-1

[Event "ICC tourney 2098 (40 10)"]
[Site "Internet Chess Club"]
[Date "2020.11.01"]
[Round "2"]
[White "Theutltl"]
[Black "orwind"]
[Result "1/2-1/2"]
[ICCResult "Game drawn by mutual agreement"]
[WhiteElo "1400"]
[BlackElo "1610"]
[Opening "Sicilian: Taimanov variation"]
[ECO "B45"]
[NIC "SI.39"]
[Time "13:16:23"]
[TimeControl "2400+10"]

1. e4 c5 2. Nf3 e6 3. d4 cxd4 4. Nxd4 Nc6 5. Nc3 Nf6 6. Be2 Bb4 7. f3 O-O 8.
Be3 d5 9. exd5 Nxd5 10. Nxc6 bxc6 11. Bd2 Bd6 12. Nxd5 Qh4+ 13. Kf1 exd5 14.
Be1 Qe7 15. Qd3 Re8 16. Bc3 Bf5 17. Qd1 Bc5 18. Bd3 Bxd3+ 19. Qxd3 Qh4 20.
Qd2 Be3 21. Qe1 Qc4+ 22. Qe2 Qxe2+ 23. Kxe2 d4 24. Bd2 d3+ 25. Kd1 Bxd2 26.
Kxd2 dxc2 27. Rhe1 Rad8+ 28. Kxc2 Kf8 29. Rad1 Rxd1 30. Rxe8+ Kxe8 31. Kxd1
Kd7 32. Kd2 Kd6 33. Kd3 Kd5 34. b4 {Game drawn by mutual agreement} 1/2-1/2

[Event "ICC tourney 2098 (40 10)"]
[Site "Internet Chess Club"]
[Date "2020.11.01"]
[Round "2"]
[White "HarleyQueen8"]
[Black "marinaxiao"]
[Result "0-1"]
[ICCResult "White checkmated"]
[WhiteElo "1856"]
[BlackElo "1519"]
[Opening "King's Indian: 5.Be2"]
[ECO "E73"]
[NIC "KI.27"]
[Time "13:16:25"]
[TimeControl "2400+10"]

1. d4 Nf6 2. c4 g6 3. Nc3 Bg7 4. e4 d6 5. Be2 Nbd7 6. Be3 e5 7. d5 O-O 8. g4
Nc5 9. f3 Nfd7 10. h4 Qe7 11. h5 gxh5 12. gxh5 h6 13. Qd2 Kh7 14. O-O-O a5
15. Nh3 Nf6 16. Rdg1 Bxh3 17. Rxh3 c6 18. Rxg7+ Kxg7 19. Bxh6+ Kh7 20. Bxf8
Rxf8 21. Qg5 Rg8 22. Qf5+ Kh6 23. Rh4 Nxd5 24. Qh3 Qg5+ 25. Kb1 Nxc3+ 26.
bxc3 Qd2 27. Qf1 Na4 28. Qc1 Nxc3+ 29. Qxc3 Rg1+ 30. Bf1 Rxf1+ 31. Qc1 Rxc1#
{White checkmated}
0-1

[Event "ICC tourney 2098 (40 10)"]
[Site "Internet Chess Club"]
[Date "2020.11.01"]
[Round "2"]
[White "Slypawn"]
[Black "GGuseinov"]
[Result "0-1"]
[ICCResult "White resigns"]
[WhiteElo "2106"]
[BlackElo "2716"]
[Opening "Sicilian defense"]
[ECO "B20"]
[NIC "SI.48"]
[Time "13:16:33"]
[TimeControl "2400+10"]

1. e4 c5 2. b3 g6 3. Bb2 Nf6 4. e5 Nd5 5. e6 f6 6. exd7+ Bxd7 7. Nc3 Bc6 8.
Qg4 Bg7 9. O-O-O f5 10. Qc4 Na6 11. Nf3 Qd7 12. Nxd5 Bxb2+ 13. Kxb2 Bxd5 14.
Qc3 O-O 15. Bxa6 bxa6 16. Rhe1 Qd6 17. h4 Rae8 18. Ne5 Bxg2 19. f3 f4 20. h5
Rf5 21. hxg6 h5 22. Re4 h4 23. Qc4+ Kg7 24. Qe2 Rxe5 25. Rxe5 Bxf3 26. Rxe7+
Rxe7 27. Qxf3 Qe5+ 28. Kb1 Qe4 29. Qc3+ Qe5 30. Qd3 Qe2 31. Qc3+ Re5 32. Rg1
f3 33. Rg5 f2 34. Rxe5 f1=Q+ 35. Kb2 Qxe5 36. Qxe5+ Qf6 {White resigns} 0-1

[Event "ICC tourney 2098 (40 10)"]
[Site "Internet Chess Club"]
[Date "2020.11.01"]
[Round "2"]
[White "MiamiBoy"]
[Black "xyzchessdude"]
[Result "1-0"]
[ICCResult "Black resigns"]
[WhiteElo "2257"]
[BlackElo "2001"]
[Opening "Sicilian"]
[ECO "B56"]
[NIC "SI.25"]
[Time "13:16:29"]
[TimeControl "2400+10"]

1. e4 c5 2. Nf3 Nc6 3. d4 cxd4 4. Nxd4 Nf6 5. Nc3 d6 6. f3 e5 7. Nb3 Be7 8.
Be3 Be6 9. Qe2 O-O 10. O-O-O Qc8 11. g4 a5 12. g5 Nh5 13. Qb5 Na7 14. Qxa5
Nc6 15. Qb5 Bxb3 16. Qxb3 Nf4 17. Bxf4 exf4 18. Nd5 Bd8 19. Rg1 Ne5 20. Nxf4
Qc5 21. Nh3 Bb6 22. Kb1 Qa5 23. Rg3 Nc6 24. Bc4 Nd4 25. Qd3 Bc5 26. g6 hxg6
27. Nf4 Rfd8 28. Nxg6 d5 29. exd5 b5 30. Rh3 fxg6 31. d6+ bxc4 32. Qxc4+
{Black resigns}
1-0

[Event "ICC tourney 2098 (40 10)"]
[Site "Internet Chess Club"]
[Date "2020.11.01"]
[Round "2"]
[White "Feugon"]
[Black "TjkTiger"]
[Result "0-1"]
[ICCResult "White resigns"]
[WhiteElo "1991"]
[BlackElo "2605"]
[Opening "Bird's opening"]
[ECO "A02"]
[NIC "VO.07"]
[Time "13:17:10"]
[TimeControl "2400+10"]

1. f4 Nf6 2. Nf3 g6 3. b3 Bg7 4. Bb2 O-O 5. e3 d6 6. Be2 Nc6 7. O-O e5 8.
fxe5 Ng4 9. h3 Ngxe5 10. Nxe5 Nxe5 11. Nc3 d5 12. d4 Nc6 13. Bf3 Be6 14. Ne2
f5 15. Nf4 Bf7 16. Rc1 Re8 17. Qd2 Bh6 18. c4 Ne7 19. Rfe1 c6 20. Nd3 Bg7
21. c5 g5 22. Qd1 Ng6 23. Bh5 Re4 24. Nf2 Re6 25. g4 fxg4 26. Bxg4 Qc7 27.
Nh1 Re7 28. Qf3 Rae8 29. Rc2 Nh4 30. Qf2 Bg6 31. Rce2 h5 32. Bf3 Rf7
{White resigns}
0-1

[Event "ICC tourney 2098 (40 10)"]
[Site "Internet Chess Club"]
[Date "2020.11.01"]
[Round "2"]
[White "TheDude865"]
[Black "JunlinTheWorld"]
[Result "1-0"]
[ICCResult "Black checkmated"]
[WhiteElo "1515"]
[BlackElo "1808"]
[Opening "Sicilian: dragon, Yugoslav attack, Rauser variation"]
[ECO "B76"]
[NIC "SI.17"]
[Time "13:16:42"]
[TimeControl "2400+10"]

1. e4 c5 2. Nf3 d6 3. d4 cxd4 4. Nxd4 Nf6 5. Nc3 g6 6. Be3 Bg7 7. f3 O-O 8.
Qd2 Nc6 9. O-O-O Bd7 10. Kb1 Rc8 11. g4 Ne5 12. Be2 Nc4 13. Bxc4 Rxc4 14. h4
a6 15. h5 b5 16. hxg6 fxg6 17. e5 Ne8 18. e6 Bxd4 19. exd7 Bxc3 20. dxe8=Q
Qxe8 21. bxc3 Rxf3 22. Qd5+ Rf7 23. Qe6 Qc8 24. Qxc8+ Rxc8 25. Kb2 Rf3 26.
Bd2 e5 27. Be1 Rc6 28. Rd3 Rf4 29. Rg1 Kf7 30. Bd2 Rfc4 31. Rh1 Kg8 32. Bh6
e4 33. Rf1 Rc8 34. Rxd6 Ra8 35. Rd7 e3 36. Rg7+ Kh8 37. Rff7 e2 38. Rxh7+
Kg8 39. Rfg7+ Kf8 40. Rh8# {Black checkmated} 1-0

[Event "ICC tourney 2098 (40 10)"]
[Site "Internet Chess Club"]
[Date "2020.11.01"]
[Round "2"]
[White "icommai"]
[Black "wildrumpus"]
[Result "0-1"]
[ICCResult "White resigns"]
[WhiteElo "1802"]
[BlackElo "1487"]
[Opening "Queen's Indian accelerated"]
[ECO "A50"]
[NIC "QP.07"]
[Time "13:16:30"]
[TimeControl "2400+10"]

1. d4 Nf6 2. c4 b6 3. Nc3 Bb7 4. f3 Nc6 5. e4 e5 6. d5 Ne7 7. Bg5 Ng6 8. Nh3
h6 9. Be3 Be7 10. Qd2 O-O 11. Be2 d6 12. g3 Bc8 13. Nf2 Nh7 14. O-O-O f5 15.
exf5 Bxf5 16. h4 h5 17. Nfe4 Nh8 18. Rh2 Nf7 19. Bd3 Qc8 20. Rg1 Nf6 21.
Nxf6+ Bxf6 22. g4 Bxd3 23. Qxd3 hxg4 24. Rxg4 e4 25. Qxe4 Re8 26. Qc2 Rxe3
27. Ne4 Qf5 28. Qf2 Rxf3 29. Nxf6+ Qxf6 30. Qg2 Ne5 31. Re4 Rf8 32. Rh1 Nd3+
33. Kb1 Rf2 {White resigns} 0-1

[Event "ICC tourney 2098 (40 10)"]
[Site "Internet Chess Club"]
[Date "2020.11.01"]
[Round "2"]
[White "RagingKnightNC"]
[Black "DLWarrior"]
[Result "0-1"]
[ICCResult "White checkmated"]
[WhiteElo "2119"]
[BlackElo "1976"]
[Opening "French: Tarrasch, open variation"]
[ECO "C07"]
[NIC "FR.18"]
[Time "13:16:34"]
[TimeControl "2400+10"]

1. e4 e6 2. d4 d5 3. Nd2 c5 4. c3 cxd4 5. cxd4 dxe4 6. Nxe4 Nf6 7. Nxf6+
Qxf6 8. Nf3 h6 9. h4 Bb4+ 10. Bd2 Bxd2+ 11. Qxd2 O-O 12. Bd3 Nc6 13. Be4 Rd8
14. O-O-O Bd7 15. g4 Qe7 16. Kb1 a5 17. h5 f5 18. gxf5 exf5 19. Bc2 Nb4 20.
Rhe1 Qd6 21. Bb3+ Kh7 22. Bf7 Rac8 23. Bg6+ Kh8 24. Ne5 Be6 25. Bf7 Kh7 26.
a3 Bxf7 27. Nxf7 Qd5 28. axb4 Qxf7 29. bxa5 Qxh5 30. Re7 Qh4 31. Qe3 Qg4 32.
f3 Qg2 33. Ka1 Qc2 34. Rd2 Qa4+ 35. Kb1 Qxa5 36. Rg2 Rg8 37. Qe6 Qb5 38. Rh2
Qd3+ 39. Ka1 Ra8+ 40. Qa2 Rxa2+ 41. Kxa2 Ra8# {White checkmated} 0-1

[Event "ICC tourney 2098 (40 10)"]
[Site "Internet Chess Club"]
[Date "2020.11.01"]
[Round "2"]
[White "aquilesboy"]
[Black "andrewf2009"]
[Result "1-0"]
[ICCResult "Black resigns"]
[WhiteElo "1919"]
[BlackElo "1710"]
[Opening "English: Wimpey system"]
[ECO "A05"]
[NIC "QP.11"]
[Time "13:16:42"]
[TimeControl "2400+10"]

1. Nf3 Nf6 2. c4 e6 3. e3 d5 4. b3 c5 5. Bb2 Nc6 6. cxd5 exd5 7. d4 Bd6 8.
Be2 O-O 9. O-O Be6 10. Nc3 Rc8 11. Nb5 a6 12. Nxd6 Qxd6 13. dxc5 Qxc5 14.
Bxf6 gxf6 15. Qd2 Kh8 16. Rac1 Qd6 17. Nd4 Ne5 18. f4 Nc6 19. Nxc6 Rxc6 20.
Rxc6 Qxc6 21. Rc1 Qb6 22. Qd4 Qxd4 23. exd4 Rc8 24. Rxc8+ Bxc8 25. Bf3 Be6
26. g4 f5 27. g5 Kg7 28. Kf2 f6 29. Ke3 a5 30. a3 b5 31. b4 axb4 32. axb4
fxg5 33. fxg5 Kg6 34. Kf4 Bf7 35. Be2 Be8 36. h4 h6 37. gxh6 Kxh6 38. Kxf5
Bd7+ 39. Ke5 Bc6 40. Kd6 Bb7 41. Kc5 {Black resigns} 1-0

[Event "ICC tourney 2098 (40 10)"]
[Site "Internet Chess Club"]
[Date "2020.11.01"]
[Round "2"]
[White "che8642"]
[Black "Heliosis"]
[Result "0-1"]
[ICCResult "White checkmated"]
[WhiteElo "1513"]
[BlackElo "1885"]
[Opening "Queen's pawn game"]
[ECO "D00"]
[NIC "QP.07"]
[Time "13:16:23"]
[TimeControl "2400+10"]

1. d4 Nf6 2. Nc3 d5 3. Bf4 Bf5 4. f3 e6 5. g4 Bg6 6. e3 c5 7. h4 h5 8. g5
Nfd7 9. Nb5 Na6 10. c3 Be7 11. Bd3 Bxd3 12. Qxd3 c4 13. Qc2 Qa5 14. a4 g6
15. Ne2 Qb6 16. Kf2 Rc8 17. Rhd1 Nab8 18. Ng3 a6 19. Na3 Nc6 20. e4 e5 21.
Be3 exd4 22. Bxd4 Bc5 23. exd5 Nce5 24. Qe2 O-O 25. Kg2 Bxd4 26. Rxd4 Rfe8
27. Re4 Kg7 28. Rb1 Qc7 29. Qe3 Nc5 30. Qd4 Nxe4 31. fxe4 Qd7 32. Rf1 Kg8
33. d6 Qg4 34. Rf6 Rcd8 35. Nxc4 Nd7 36. Rf1 Qxh4 37. Qd5 Rf8 38. Ne5 Nxe5
39. Qxe5 Rde8 40. Qd5 Qg4 41. Rf6 Kg7 42. Qd4 Kg8 43. Qd5 Re6 44. d7 Rd8 45.
e5 h4 46. Rxe6 fxe6 47. Qxb7 Qxg3+ 48. Kf1 Rf8+ 49. Ke2 Rf2+ 50. Kd1 Qg1#
{White checkmated}
0-1

[Event "ICC tourney 2098 (40 10)"]
[Site "Internet Chess Club"]
[Date "2020.11.01"]
[Round "2"]
[White "jy2020"]
[Black "SuperPuzzler"]
[Result "1/2-1/2"]
[ICCResult "Game drawn by repetition"]
[WhiteElo "2208"]
[BlackElo "1977"]
[Opening "Ruy Lopez: old Steinitz defense"]
[ECO "C62"]
[NIC "RL.02"]
[Time "13:16:20"]
[TimeControl "2400+10"]

1. e4 e5 2. Nf3 Nc6 3. Bb5 d6 4. c3 Nf6 5. d3 Be7 6. O-O O-O 7. Re1 Bd7 8.
Ba4 Re8 9. Nbd2 Bf8 10. Nf1 g6 11. h3 Bg7 12. Ng3 a6 13. Bc2 h6 14. a3 d5
15. Qe2 Be6 16. Bd2 Qe7 17. Rad1 Rad8 18. Bc1 dxe4 19. dxe4 Nd7 20. Nf1 Nb6
21. Ne3 Rxd1 22. Rxd1 Rd8 23. Re1 h5 24. b3 Qc5 25. Bb2 Bh6 26. c4 Bxe3 27.
fxe3 f6 28. Bd3 a5 29. Rf1 Kh7 30. Ne1 Qe7 31. Qc2 Nd7 32. Nf3 Nc5 33. Rd1
Rd7 34. Be2 Rxd1+ 35. Bxd1 Qd7 36. Be2 Kg7 37. Bc3 Na6 38. Qb2 Qd6 39. Kf1
g5 40. Nd2 Kg6 41. Qc1 Kh6 42. Bb2 Bf7 43. Qc2 Nc5 44. Nb1 Nxe4 45. Qxe4 Bg6
46. Qf3 Bxb1 47. c5 Qe6 48. Qxh5+ Kg7 49. Bc4 Qe7 50. Qd1 Bg6 51. Kf2 Bf7
52. Bxf7 Qxf7 53. Qc2 Qd5 54. e4 Qd7 55. Ke3 Nd4 56. Qd3 Qe6 57. Bxd4 exd4+
58. Kxd4 Qe5+ 59. Kc4 Qe6+ 60. Qd5 Qa6+ 61. Kc3 Qb5 62. Qc4 Qd7 63. Qd4 Qe7
64. Qd5 c6 65. Qd4 Kg6 66. Kd3 Qe6 67. Qc4 Qe5 68. Kc2 Qa1 69. Qg8+ Kh6 70.
Qf8+ Kg6 71. Qe8+ Kh6 72. Qf7 Qa2+ 73. Kd3 Qb1+ 74. Ke3 Qc1+ 75. Ke2 Qc2+
76. Kf3 Qd3+ 77. Kf2 Qd2+ 78. Kg1 Qc1+ 79. Kh2 Qf4+ 80. Kh1 Qc1+ 81. Kh2
Qf4+ 82. Kg1 Qc1+ 83. Kh2 Qf4+ {Game drawn by repetition} 1/2-1/2

[Event "ICC tourney 2098 (40 10)"]
[Site "Internet Chess Club"]
[Date "2020.11.01"]
[Round "2"]
[White "ramennoodle"]
[Black "kralj8"]
[Result "1-0"]
[ICCResult "Black resigns"]
[WhiteElo "2086"]
[BlackElo "1917"]
[Opening "Réti: King's Indian attack (Barcza system)"]
[ECO "A07"]
[NIC "QP.09"]
[Time "13:16:36"]
[TimeControl "2400+10"]

1. Nf3 d5 2. g3 Nf6 3. Bg2 Nc6 4. d4 Bf5 5. O-O e6 6. c4 Be7 7. Nc3 O-O 8.
b3 Re8 9. Bb2 h6 10. e3 Bf8 11. Rc1 Ne7 12. Qe2 c6 13. Rfd1 g5 14. h4 g4 15.
Ne5 h5 16. a3 Ne4 17. b4 f6 18. Nd3 Nxc3 19. Rxc3 Bxd3 20. Qxd3 f5 21. b5
Qd7 22. Rdc1 Rec8 23. a4 cxb5 24. axb5 a5 25. Ba3 dxc4 26. Rxc4 Rxc4 27.
Qxc4 Rc8 28. Qa4 Rxc1+ 29. Bxc1 Qc7 30. Bd2 b6 31. e4 fxe4 32. Bxe4 Bg7 33.
Qb3 Qd7 34. Be3 Kf7 35. Qc4 Nd5 36. Bg5 Bf6 37. Bc1 Nc7 38. Bb2 Nxb5 39. Bc6
Nd6 40. Qc2 Qc8 41. Qh7+ Kf8 42. Qg6 Bg7 43. Ba3 Qxc6 44. Qxe6 Bxd4 45.
Bxd6+ Kg7 46. Be5+ Bxe5 47. Qxc6 {Black resigns} 1-0

[Event "ICC tourney 2098 (40 10)"]
[Site "Internet Chess Club"]
[Date "2020.11.01"]
[Round "2"]
[White "Solidwrench2"]
[Black "goodcrowdchess"]
[Result "0-1"]
[ICCResult "White checkmated"]
[WhiteElo "1952"]
[BlackElo "1697"]
[Opening "Giuoco Pianissimo"]
[ECO "C55"]
[NIC "IG.01"]
[Time "13:16:26"]
[TimeControl "2400+10"]

1. e4 e5 2. Nf3 Nc6 3. Bc4 Nf6 4. d3 Bc5 5. c3 d6 6. O-O O-O 7. Nbd2 a6 8.
a4 Be6 9. Re1 Ba7 10. b4 Re8 11. Bxe6 fxe6 12. Bb2 Qd7 13. Qb3 Ne7 14. d4
exd4 15. cxd4 Ng6 16. g3 Kh8 17. Rac1 c6 18. Kg2 Rad8 19. Rcd1 Qe7 20. e5
dxe5 21. dxe5 Nd5 22. Ba3 Qf7 23. Ne4 Bb8 24. Bb2 Rf8 25. Nfg5 Qf5 26. f4
Ndxf4+ 27. gxf4 Nxf4+ 28. Kh1 Rxd1 29. Qxd1 h6 30. Nf3 Nh3 31. Nh4 Qxe4+ 32.
Rxe4 Nf2+ 33. Kg2 Nxd1 34. Ng6+ Kg8 35. Nxf8 Nxb2 36. Nxe6 Nxa4 37. Nd8 Nc3
38. Re1 Nd5 39. Nxb7 Nxb4 40. e6 Kf8 41. Re4 Nd5 42. Nc5 Bd6 43. Nd3 Ke7 44.
Ra4 Kxe6 45. Rxa6 Kd7 46. Ra7+ Nc7 47. h3 c5 48. Ra4 Kc6 49. Rg4 Ne6 50. Rg6
Kd5 51. Kf3 c4 52. Nc1 Be5 53. Rg2 Ng5+ 54. Kg4 Ne4 55. Kf3 Nc5 56. Rd2+ Kc6
57. Ne2 c3 58. Rc2 Na4 59. Ke4 Bf6 60. Nd4+ Kc5 61. Ne2 Kb4 62. Kd3 Nc5+ 63.
Ke3 Kb3 64. Rc1 Bg5+ 65. Nf4 Bxf4+ 66. Kxf4 Nd3+ 67. Ke3 Nxc1 68. h4 Kb2 69.
h5 Nb3 70. Kd3 c2 71. Ke2 c1=Q 72. Kf2 Qd2+ 73. Kg3 Nd4 74. Kh3 Qg5 75. Kh2
Ne2 76. Kh1 Qg1# {White checkmated} 0-1